 Dungeon Crawl Stone Soup version 0.22-a0-580-gd5db89c09a (webtiles) character file.

58356 Lentor the Warrior (level 14, 0/143 HPs)
             Began as a Minotaur Berserker on July 2, 2018.
             Was a High Priest of Trog.
             Slain by an orc warrior
             ... wielding a +3 glaive
              (27 damage)
             ... in a bailey.
             The game lasted 00:40:49 (14951 turns).

Lentor the Warrior (Minotaur Berserker)            Turns: 14951, Time: 00:40:49

Health: 0/143      AC: 27    Str: 26    XL:     14   Next: 49%
Magic:  13/13      EV: 16    Int:  4    God:    Trog [*****.]
Gold:   1571       SH:  0    Dex: 18    Spells: 13/13 levels left

rFire    + . .     SeeInvis .   L - +5 dire flail
rCold    . . .     Gourm    .   (shield currently unavailable)
rNeg     . . .     Faith    .   o - +0 plate armour
rPois    .         Spirit   .   h - +2 hat
rElec    +         Reflect  .   v - +0 cloak
rCorr    .         Harm     .   x - +0 pair of gloves
MR       +....                  a - +3 pair of boots of Grace {rElec rF+ Str+2 Dex+2}
Stlth    ..........             e - amulet of regeneration
HPRegen  0.73/turn              q - +3 ring of strength
MPRegen  0.13/turn              F - +5 ring of evasion

@: berserk cooldown, flying, slowed, very slow
A: retaliatory headbutt, horns 2
a: Berserk, Trog's Hand, Brothers in Arms, Renounce Religion


You were in a bailey.
You worshipped Trog.
Trog was extremely pleased with you.
You were not hungry.

You visited 4 branches of the dungeon, and saw 19 of its levels.
You also visited: Labyrinth, Ossuary, Bailey and Volcano.

You collected 1571 gold pieces.

Inventory:

Hand Weapons
 L - a +5 dire flail (weapon)
Armour
 a - the +3 pair of boots of Grace (worn) {rElec rF+ Str+2 Dex+2}
   (You acquired it on level 4 of the Lair of Beasts)

   It affects your strength (+2).
   It affects your dexterity (+2).
   It protects you from fire.
   It insulates you from electricity.
 h - a +2 hat (worn)
 o - a +0 plate armour (worn)
 v - a +0 cloak (worn)
 x - a +0 pair of gloves (worn)
 N - a +0 large shield
Jewellery
 e - an amulet of regeneration (around neck)
 g - an uncursed ring of protection from magic {unknown}
 q - a +3 ring of strength (left hand)
 F - a +5 ring of evasion (right hand)
 G - an uncursed ring of protection from fire
 K - an uncursed ring of poison resistance
 M - an uncursed ring of magical power {unknown}
Wands
 w - a wand of paralysis (7)
 y - a wand of scattershot (4)
 B - a wand of polymorph (29)
 D - a wand of iceblast (28)
 H - a wand of enslavement (14)
Scrolls
 b - 3 scrolls of fear
 f - 2 scrolls of blinking
 i - 9 scrolls of remove curse
 j - 7 scrolls of teleportation
 m - 4 scrolls of fog
 n - 7 scrolls of enchant weapon
 C - 2 scrolls of magic mapping
 I - a scroll of holy word {unknown}
 J - 7 scrolls of identify
 P - a scroll of enchant armour
 U - a scroll of vulnerability {unknown}
Potions
 d - 12 potions of curing
 k - 7 potions of heal wounds
 l - a potion of haste
 p - 3 potions of resistance
 r - 2 potions of magic
 s - 4 potions of invisibility
 t - a potion of cancellation
 u - a potion of lignification
 z - 5 potions of berserk rage
 A - a potion of flight (quivered)
 E - a potion of agility {unknown}
 O - a potion of ambrosia {unknown}
 Q - 2 potions of mutation {unknown}
 R - a potion of brilliance {unknown}
 T - 3 potions of might {unknown}
Comestibles
 c - 31 rations


   Skills:
 + Level 18.1 Fighting
 + Level 17.5 Maces & Flails
 + Level 15.3 Armour
 + Level 5.4 Dodging
 - Level 2.0 Stealth
 + Level 8.8 Shields


You had 13 spell levels left.
You didn't know any spells.
Your spell library was empty.

Dungeon Overview and Level Annotations

Branches:
Dungeon (11/15)            Temple (1/1) D:5            Lair (6/6) D:10
 Shoals (0/4) Lair:3       Spider (0/4) Lair:4        Slime (0/5) Lair:6
    Orc (1/2) D:10

Altars:
Ashenzari
Cheibriados
Dithmenos
Elyvilon
Fedhas
Gozag
Hepliaklqana
Kikubaaqudgha
Makhleb
Nemelex Xobeh
Okawaru
Qazlal
Ru
Sif Muna
Trog
Uskayaw
Vehumet
Wu Jian
Xom
Yredelemnul
Zin
The Shining One
Beogh
Jiyva

Annotations:
D:3 1 runed door


Innate Abilities, Weirdness & Mutations

You reflexively headbutt those who attack you in melee.
You have a pair of horns on your head.


Message History

The orc knight hits you with a halberd!!
* * * LOW HITPOINT WARNING * * *
You closely miss the orc knight.
You kill the orc knight!
Trog accepts your kill.
You hit the orc warrior. Your headbutt misses the orc warrior.
The orc warrior is moderately wounded.
The orc warrior hits you with a halberd.
* * * LOW HITPOINT WARNING * * *
You impale the orc warrior!!
You kill the orc warrior!
Trog accepts your kill. The orc knight closely misses you.
You feel a strong urge to attack something.
You see here a bolt.
You feel your anger nearly subside.
You are no longer berserk.
You are exhausted.
You feel yourself slow down.
The orc warrior hits you from afar with an enchanted glaive!!
You die...

### ###
##.###########∩#########
#...##.....##.∩.##.....##
#..)#..≈≈≈..#...#..≈≈≈..#
#...#.≈≈.≈≈)....(.≈≈.≈≈.#.
#()['(≈)∩)≈.@.o(..≈oo.≈o'.
#...#.≈≈.≈≈.....()≈≈)≈≈.#.
#...#..≈≈≈.(#...#..≈≈≈..#
#...##..((.##..(##)....##
##.###########∩#########
### ###


You could see an orc knight and an orc warrior.

Vanquished Creatures
  Gastronok (D:8)
  The ghost of dricus the Carver, a journeyman HaHu of Okawaru (Lair:4)
  A minotaur (Lab)
  A red draconian (Volcano)
  A fire dragon (Lair:6)
  A death ooze (Lair:4)
  Harold (Lair:2)
  An ogre mage (Volcano)
  6 hydras
  2 catoblepae
  7 two-headed ogres
  Sonja (Lair:2)
  A swamp dragon (Lair:6)
  2 orc knights (Bailey)
  An ugly thing (D:11)
  11 elephants
  2 black mambas
  Joseph (Lair:1)
  A merfolk siren (Lair:3)
  7 spiny frogs
  A torpor snail (Lair:5)
  A rime drake (Lair:6)
  10 komodo dragons
  2 jumping spiders (Lair:4)
  9 polar bears (Lair:6)
  2 trolls
  11 hippogriffs
  18 blink frogs
  2 slime creatures (Lair:4)
  Grinder (D:3)
  5 dream sheep (Lair:6)
  2 raiju (Lair:6)
  Sigmund (D:5)
  A shadow (Lab)
  5 wyverns
  A redback (Lair:4)
  6 yaks
  A human (D:7)
  4 basilisks
  3 hogs (D:7)
  2 hungry ghosts (Lab)
  6 wargs (Lair:6)
  3 steam dragons
  A soldier ant (D:10)
  2 acid dragons (Lair:6)
  13 hell hounds (Lair:6)
  10 porcupines
  The ghost of Kholdaimon the Charlatan, an amateur SpAr (D:3)
  11 water moccasins
  A swamp drake (Lair:6)
  6 orc warriors
  A sky beast (D:8)
  12 black bears
  5 ogres
  An ice beast (D:7)
  3 centaurs
  22 wolves
  16 crocodiles
  Blork the orc (D:5)
  13 bullfrogs
  2 gnoll sergeants
  A wyvern zombie (D:8)
  3 scorpions
  8 killer bees
  An electric eel (D:8)
  4 wights (D:9)
  9 howler monkeys
  A bullfrog zombie (D:8)
  5 crimson imps
  5 jellies
  6 hounds
  A human zombie (Ossuary)
  9 orc wizards
  3 bullfrog skeletons
  4 centaur skeletons
  2 centaur zombies
  8 orc priests
  A gnoll shaman (D:8)
  4 iguanas
  Natasha (thrice) (D:3)
  6 worker ants
  3 hell rats (Lair:3)
  4 hound zombies
  4 mummies (Ossuary)
  17 gnolls
  10 adders
  10 river rats
  A shadow imp (D:9)
  2 adder zombies
  An ooze (D:6)
  An adder skeleton (D:4)
  A worm (D:3)
  3 leopard geckos
  39 orcs
  11 bats
  4 giant cockroaches
  14 goblins
  5 hobgoblins
  4 jackals (D:4)
  8 kobolds
  6 quokkas
  2 ball pythons
  5 frilled lizards
  A gnoll zombie (Ossuary)
  A hobgoblin zombie (Ossuary)
  A jackal skeleton (D:8)
  3 jackal zombies
  2 orc zombies (Ossuary)
  11 rats
  2 rat zombies (Ossuary)
  A fungus (Lair:6)
  2 plants (Lair:6)
531 creatures vanquished.

Vanquished Creatures (collateral kills)
  A catoblepas (Lair:4)
  2 manticores (Lair:4)
3 creatures vanquished.

Vanquished Creatures (others)
  An orc (D:10)
  A rat (D:3)
  7 plants (Lair:6)
9 creatures vanquished.

Grand Total: 543 creatures vanquished

Notes
Turn   | Place    | Note
-------+----------+-------------------------------------------
     0 | D:1      | Lentor the Minotaur Berserker began the quest for the Orb.
     0 | D:1      | Reached XP level 1. HP: 19/19 MP: 0/0
    85 | D:1      | Reached XP level 2. HP: 27/27 MP: 1/1
   103 | D:1      | Reached skill level 4 in Fighting
   553 | D:2      | Found an iron altar of Okawaru.
   608 | D:2      | Found an ornate altar of the Wu Jian Council.
   709 | D:2      | Reached XP level 3. HP: 33/33 MP: 2/2
   744 | D:2      | Reached XP level 4. HP: 22/41 MP: 3/3
   748 | D:2      | Reached ** piety under Trog
   748 | D:2      | Reached skill level 5 in Maces & Flails
  1188 | D:2      | Found a glowing silver altar of Zin.
  1326 | D:3      | Found a runed door.
  1347 | D:3      | Reached XP level 5. HP: 47/47 MP: 4/4
  1351 | D:3      | Noticed Kholdaimon's ghost (amateur SpAr)
  1384 | D:3      | Killed Kholdaimon's ghost
  1384 | D:3      | Reached skill level 5 in Fighting
  1388 | D:3      | Found a runed door.
  1445 | D:3      | Noticed Grinder
  1456 | D:3      | Paralysed by Grinder for 7 turns
  1467 | D:3      | HP: 3/72 [Grinder (2)]
  1468 | D:3      | Killed Grinder
  1468 | D:3      | Reached skill level 1 in Stealth
  1468 | D:3      | Reached XP level 6. HP: 4/56 MP: 5/5
  1549 | D:3      | Noticed Natasha
  1558 | D:3      | Killed Natasha
  1558 | D:3      | Reached skill level 1 in Shields
  1624 | D:3      | Reached XP level 7. HP: 61/61 MP: 6/6
  1657 | D:3      | Noticed Natasha
  1661 | D:3      | Killed Natasha
  1665 | D:3      | Noticed Natasha
  1671 | D:3      | Killed Natasha
  1754 | D:3      | Reached *** piety under Trog
  2140 | D:4      | Reached skill level 6 in Fighting
  2290 | D:4      | Reached skill level 5 in Armour
  3036 | D:5      | Entered Level 5 of the Dungeon
  3036 | D:5      | Found a staircase to the Ecumenical Temple.
  3043 | Temple   | Entered the Ecumenical Temple
  3213 | D:5      | Noticed Sigmund
  3225 | D:5      | Killed Sigmund
  3225 | D:5      | Reached XP level 8. HP: 70/70 MP: 7/7
  3844 | D:5      | Noticed Blork the orc
  3849 | D:5      | Killed Blork the orc
  4564 | D:7      | Found a bloodstained altar of Trog.
  4564 | D:7      | Found a burning altar of Makhleb.
  4630 | D:7      | Found a sand-covered staircase.
  4636 | Ossuary  | Entered an ossuary
  4649 | Ossuary  | Reached **** piety under Trog
  4739 | Ossuary  | Reached XP level 9. HP: 78/78 MP: 8/8
  4961 | D:7      | Reached skill level 7 in Fighting
  5105 | D:7      | Reached skill level 10 in Maces & Flails
  5292 | D:7      | Found a shattered altar of Ashenzari.
  5341 | D:7      | Reached skill level 5 in Shields
  5400 | D:7      | Found a hide-covered altar of Uskayaw.
  5615 | D:8      | Found a snail-covered altar of Cheibriados.
  5676 | D:8      | Noticed Gastronok
  5681 | D:8      | Reached ***** piety under Trog
  5693 | D:8      | Killed Gastronok
  5693 | D:8      | Reached skill level 8 in Fighting
  5693 | D:8      | Reached XP level 10. HP: 88/88 MP: 9/9
  5882 | D:8      | Reached skill level 10 in Armour
  6287 | D:9      | Found a white marble altar of Elyvilon.
  6875 | D:10     | Entered Level 10 of the Dungeon
  6908 | D:10     | Reached XP level 11. HP: 95/95 MP: 10/10
  7103 | D:10     | Received a gift from Trog
  7178 | D:10     | Reached skill level 9 in Fighting
  7259 | D:10     | Noticed a two-headed ogre
  7265 | D:10     | Killed a two-headed ogre
  7326 | D:10     | Found a staircase to the Orcish Mines.
  7665 | D:10     | Found a staircase to the Lair.
  7810 | D:11     | Noticed a five-headed hydra
  7812 | D:11     | Noticed a cyan ugly thing
  7816 | D:11     | Killed a five-headed hydra
  7820 | D:11     | Killed a cyan ugly thing
  7830 | D:11     | Found a labyrinth entrance.
  7847 | Lab      | Entered a labyrinth
  7986 | Lab      | Reached skill level 10 in Fighting
  8335 | Lab      | Noticed a minotaur
  8344 | Lab      | Killed a minotaur
  8351 | Lab      | Identified Dolel's Foundations of Sorcery
  8351 | Lab      | Identified the Reference Book on Aerial Transmigration
  8568 | Lair:1   | Entered Level 1 of the Lair of Beasts
  8896 | Lair:1   | Noticed Joseph
  8914 | Lair:1   | Killed Joseph
  9333 | Lair:2   | Reached skill level 11 in Fighting
  9363 | Lair:2   | Noticed Harold
  9374 | Lair:2   | Reached XP level 12. HP: 110/110 MP: 11/11
  9389 | Lair:2   | Killed Harold
  9430 | Lair:2   | Reached skill level 12 in Fighting
  9596 | Lair:2   | Noticed a four-headed hydra
  9604 | Lair:2   | Killed a four-headed hydra
  9925 | Lair:2   | Noticed Sonja
  9931 | Lair:2   | Killed Sonja
 10173 | Lair:3   | Reached skill level 13 in Fighting
 10188 | Lair:3   | Reached skill level 15 in Maces & Flails
 10229 | Lair:3   | Received a gift from Trog
 10276 | Lair:3   | Found a staircase to the Shoals.
 10693 | Lair:3   | Noticed a six-headed hydra
 10705 | Lair:3   | Killed a six-headed hydra
 10708 | Lair:3   | Reached skill level 14 in Fighting
 10780 | Lair:4   | Noticed a catoblepas
 10780 | Lair:4   | Noticed a catoblepas
 10899 | Lair:4   | Found a hole to the Spider Nest.
 11037 | Lair:4   | Found a runed gate.
 11042 | Lair:4   | Found a runed gate.
 11043 | Lair:4   | Found a runed gate.
 11047 | Lair:4   | Noticed a death ooze
 11113 | Lair:4   | Killed a catoblepas
 11117 | Lair:4   | Killed a catoblepas
 11117 | Lair:4   | Reached skill level 5 in Dodging
 11117 | Lair:4   | Reached XP level 13. HP: 17/125 MP: 12/12
 11689 | Lair:4   | Noticed dricus's ghost (journeyman HaHu)
 11691 | Lair:4   | Found a viscous altar of Jiyva.
 11713 | Lair:4   | Killed dricus's ghost
 11718 | Lair:4   | Reached skill level 15 in Fighting
 11720 | Lair:4   | Killed a death ooze
 11777 | Lair:4   | Identified a scroll of acquirement
 11780 | Lair:4   | Got a pair of translucent boots
 11791 | Lair:4   | Identified the +3 pair of boots of Grace {rElec rF+ Str+2 Dex+2} (You acquired it on level 4 of the Lair of Beasts)
 12130 | Lair:5   | Reached skill level 16 in Fighting
 12219 | Lair:5   | Found a dark tunnel.
 12225 | Volcano  | Entered a volcano
 12244 | Volcano  | Found a bloodstained altar of Trog.
 12245 | Volcano  | Paralysed by an ogre mage for 2 turns
 12252 | Volcano  | Noticed a red draconian
 12269 | Volcano  | Killed a red draconian
 12881 | Lair:6   | Entered Level 6 of the Lair of Beasts
 12896 | Lair:6   | Reached skill level 17 in Fighting
 13093 | Lair:6   | Reached XP level 14. HP: 140/140 MP: 13/13
 13226 | Lair:6   | Found a viscous altar of Jiyva.
 13226 | Lair:6   | Found a staircase to the Slime Pits.
 13363 | Lair:6   | Reached skill level 15 in Armour
 13808 | Lair:6   | Received a gift from Trog
 13819 | Lair:6   | Reached skill level 18 in Fighting
 14408 | Orc:1    | Entered Level 1 of the Orcish Mines
 14408 | Orc:1    | Found a roughly hewn altar of Beogh.
 14444 | Orc:1    | Found a flagged portal.
 14458 | Bailey   | Entered a bailey
 14951 | Bailey   | Slain by an orc warrior

Vault maps used:
D:1:      dpeg_arrival_simpleton_c
D:2:      old_standard_altar, marbit_many_paths, zin_statuary
D:3:      ebering_ghost_sewer_f, first_ration, uniq_natasha, uniq_grinder
D:5:      minmay_temple_entry_mist, uniq_sigmund, uniq_blork_the_orc
D:7:      overflow_temple_1_default, grunt_temple_overflow_open,
          nicolae_ossuary_entry_plus, grunt_livestock,
          cheibrodos_ashenzari_chains
D:8:      statuecave_lemuel, cheibriados_altar_1, uniq_gastronok
D:9:      elyvilon_altar_1
D:10:     erik_lair_dragon, orc_0_dummy
D:11:     lab_entry_generic, kennysheep_generic_room_5
Temple:   regret_index_temple_waves
Lair:1:   infiniplex_staircase_pool, uniq_joseph
Lair:2:   eino_small_chamber_without_monster, minivault_25, uniq_sonja,
          uniq_harold
Lair:3:   elwin_shoals_entry_rooms, kennysheep_abandoned_house
Lair:4:   nzn_motion_control, spider_nest_entry_a, gammafunk_ghost_ooze
Lair:5:   nicolae_volcano_entry_hallway
Lair:6:   hangedman_lair_caniforms_friends, guppyfry_lair_end_dragon,
          dpeg_slime_entry_enclosed_altar, lookout_lair_type
Orc:1:    basic_altar, gammafunk_ghost_cemetery, enter_bailey_7
Lab:      labyrinth_mini_lab, nicolae_lab_arrow, lab_fountain,
          nicolae_lab_do_over, labyrinth_glass_1
Ossuary:  ossuary_minmay_tomb_2a
Bailey:   bailey_polearm_4, bailey
Volcano:  kennysheep_volcano_temple

Skill      XL: |  1  2  3  4  5  6  7  8  9 10 11 12 13 14 |
---------------+-------------------------------------------+-----
Maces & Flails | 4 5 6 8 9 11 12 14 15 16 17 | 17.5
Fighting       | 4 5 6 8 11 14 17 18 | 18.1
Armour         | 3 4 5 7 9 10 11 13 14 15 | 15.3
Dodging        | 3 4 5 |  5.4
Stealth        | 1 2 |  2.0
Shields        | 1 2 4 6 8 |  8.8

Action                   |  1- 3 |  4- 6 |  7- 9 | 10-12 | 13-15 || total
-------------------------+-------+-------+-------+-------+-------++-------
Melee: Mace              |    51 |    85 |    86 |       |       ||   222
       Headbutt          |     6 |    20 |    88 |   138 |   139 ||   391
       Whip              |       |       |   262 |   154 |       ||   416
       Dire flail        |       |       |       |   398 |   502 ||   900
       Halberd           |       |       |       |       |    13 ||    13
Invok: Berserk           |     1 |     3 |     5 |     7 |     7 ||    23
       Brothers in Arms  |       |       |       |     1 |       ||     1
Evoke: Wand              |       |       |       |       |     6 ||     6
  Use: Scroll            |       |       |    21 |       |     9 ||    30
       Potion            |       |       |       |     2 |     4 ||     6
 Stab: Confused          |       |       |       |       |     1 ||     1
  Eat: Chunk             |       |     2 |     7 |    18 |    10 ||    37
       Ration            |       |     2 |     2 |     2 |     3 ||     9
Armor: Animal skin       |    12 |       |       |       |       ||    12
       Scale mail        |     6 |       |       |       |       ||     6
       Chain mail        |       |    10 |       |       |       ||    10
       Plate armour      |       |    34 |   139 |   250 |   273 ||   696
Dodge: Dodged            |    37 |    29 |   115 |   295 |   395 ||   871
Block: Buckler           |     6 |    13 |    96 |    34 |       ||   149

Table legend:
 A = Spawn XP
 B = Non-spawn XP
 C = Spawn XP percentage of total XP
 D = Spawn monster count
 E = Non-spawn monster count
 F = Spawn count percentage of total count
 G = Total turns spent on level
                    A         B        C        D         E        F      G
               +---------+---------+-------+---------+---------+-------+---------
         Total |       0 |   83366 |   0.0 |       0 |     531 |   0.0 | 14951
               +---------+---------+-------+---------+---------+-------+---------
           D:1 |       0 |      28 |   0.0 |       0 |      17 |   0.0 |   468
           D:2 |       0 |     160 |   0.0 |       0 |      20 |   0.0 |   970
           D:3 |       0 |     733 |   0.0 |       0 |      43 |   0.0 |   712
           D:4 |       0 |     417 |   0.0 |       0 |      24 |   0.0 |   886
           D:5 |       0 |     627 |   0.0 |       0 |      14 |   0.0 |   789
           D:6 |       0 |     680 |   0.0 |       0 |      16 |   0.0 |   643
           D:7 |       0 |    1876 |   0.0 |       0 |      32 |   0.0 |   738
           D:8 |       0 |    4223 |   0.0 |       0 |      29 |   0.0 |   606
           D:9 |       0 |    1740 |   0.0 |       0 |      30 |   0.0 |   665
          D:10 |       0 |    4253 |   0.0 |       0 |      35 |   0.0 |  1109
          D:11 |       0 |    1708 |   0.0 |       0 |       5 |   0.0 |    55
        Lair:1 |       0 |    1802 |   0.0 |       0 |       7 |   0.0 |   763
        Lair:2 |       0 |    9354 |   0.0 |       0 |      30 |   0.0 |   842
        Lair:3 |       0 |    5118 |   0.0 |       0 |      34 |   0.0 |   725
        Lair:4 |       0 |    7196 |   0.0 |       0 |      21 |   0.0 |  1032
        Lair:5 |       0 |    9279 |   0.0 |       0 |      32 |   0.0 |   851
        Lair:6 |       0 |   22440 |   0.0 |       0 |      95 |   0.0 |  1257
         Orc:1 |       0 |     483 |   0.0 |       0 |       7 |   0.0 |    50
           Lab |       0 |    1819 |   0.0 |       0 |       4 |   0.0 |   619
       Ossuary |       0 |     170 |   0.0 |       0 |      16 |   0.0 |   277
        Bailey |       0 |    1626 |   0.0 |       0 |      12 |   0.0 |   493
       Volcano |       0 |    7634 |   0.0 |       0 |       8 |   0.0 |   280
               +---------+---------+-------+---------+---------+-------+---------
